 Dungeon Crawl Stone Soup version 0.20.1-1-g8b1a95d (webtiles) character file.

11680 letownia2 the Reanimator (level 11, -7/90 HPs)
             Began as a Deep Dwarf Necromancer on Dec 8, 2017.
             Was an Initiate of Gozag.
             Mangled by a two-headed ogre
             ... wielding a +0 giant spiked club
              (13 damage)
             ... on level 2 of the Orcish Mines on Dec 9, 2017.
             The game lasted 00:38:21 (12130 turns).

letownia2 the Reanimator (Deep Dwarf Necromancer)  Turns: 12130, Time: 00:38:22

Health: -7/90      AC: 21    Str: 14    XL:     11   Next: 52%
Magic:  24/24      EV:  7    Int: 17    God:    Gozag
Gold:   2311       SH:  0    Dex: 13    Spells: 19/29 levels left

rFire    + . .     SeeInvis .   a - +3 hand axe (freeze)
rCold    . . .     Gourm    .   (no shield)
rNeg     . . .     Faith    .   U - +2 chain mail {MR+}
rPois    .         Spirit   .   A - +0 helmet
rElec    .         Reflect  .   H - +0 cloak
rCorr    .         Harm     .   h - +1 pair of gloves
MR       ++...                  Y - +2 pair of boots
Stlth    ..........             (no amulet)
Regen    0.0/turn               B - ring of protection from fire
MPRegen  0.2/turn               f - +4 ring of slaying

@: non-regenerating
A: damage resistance, heal wounds, sense surroundings 2, no regeneration
a: Heal Wounds, Potion Petition, Call Merchant, Bribe Branch, Renounce Religion


You were on level 2 of the Orcish Mines.
You worshipped Gozag.
Gozag was most pleased with you.
You were very hungry.

You visited 3 branches of the dungeon, and saw 13 of its levels.

You collected 2411 gold pieces.
You spent 36 gold pieces at shops.
You paid 64 gold pieces to Gozag.

Inventory:

Hand Weapons
 a - a +3 hand axe of freezing (weapon)
 b - a +0 war axe of flaming
 p - a cursed -2 battleaxe
 u - a +0 blowgun
 D - a +1 mace of holy wrath
 O - a +2 flail of draining
Missiles
 y - 2 poisoned needles
 z - 11 javelins (quivered)
 C - 4 poisoned tomahawks
 E - 35 bolts
Armour
 e - a +0 ring mail
 h - a +1 pair of gloves (worn)
 A - a +0 helmet (worn)
 H - a +0 cloak (worn)
 U - a +2 chain mail of magic resistance (worn)
 Y - a +2 pair of boots (worn)
Magical Staves
 X - an uncursed staff of power
Jewellery
 f - a +4 ring of slaying (right hand)
 B - a ring of protection from fire (left hand)
 Q - an uncursed ring of protection from cold
 Z - an uncursed ring of flight
Wands
 F - a wand of clouds (2/9)
 R - a wand of acid (3/15)
Scrolls
 d - a scroll of immolation
 i - 3 scrolls of identify
 j - 5 scrolls of enchant weapon
 m - 4 scrolls of fear
 n - 4 scrolls of fog
 s - 5 scrolls of remove curse
 t - a scroll of enchant armour
 v - a scroll of recharging {unknown}
 G - a scroll of random uselessness {unknown}
 K - a scroll of magic mapping {unknown}
 L - a scroll of acquirement {unknown}
 T - 2 scrolls of torment {unknown}
 V - a scroll of vulnerability {unknown}
 W - a scroll of amnesia {unknown}
Potions
 g - 2 potions of agility
 l - a potion of heal wounds
 q - 2 potions of magic {unknown}
 w - 4 potions of haste {unknown}
 x - a potion of flight
 I - 2 potions of mutation
 J - a potion of cancellation
 M - 4 potions of berserk rage {unknown}
 N - a potion of curing
Comestibles
 c - 6 bread rations
 o - 5 meat rations


   Skills:
 + Level 3.5 Fighting
 + Level 7.0 Axes
 - Level 7.5 Armour
 - Level 2.1 Dodging
 - Level 2.4 Stealth
 - Level 9.5 Spellcasting
 + Level 11.4 Necromancy
 - Level 5.2 Evocations


You had 19 spell levels left.
You knew the following spells:

 Your Spells              Type           Power        Failure   Level  Hunger
a - Pain                  Necr           ####         1%          1    None
j - Portal Projectile     Hex/Tloc       #.....       99%         3    None
v - Vampiric Draining     Necr           #####.....   4%          3    None
x - Inner Flame           Hex/Fire       #.......     99%         3    None


Dungeon Overview and Level Annotations

Branches:
Dungeon (10/15)            Temple (1/1) D:4            Lair (0/6) D:10
    Orc (1/2) D:10

Altars:
Ashenzari
Cheibriados
Dithmenos
Elyvilon
Fedhas
Gozag
Hepliaklqana
Kikubaaqudgha
Makhleb
Nemelex Xobeh
Okawaru
Qazlal
Ru
Sif Muna
Trog
Uskayaw
Vehumet
Xom
Yredelemnul
Zin
The Shining One

Shops:
D:7 ?   D:10 [(   Orc:2 [?}(

Annotations:
D:4 Agrougrou's ghost, amateur DsFi


Innate Abilities, Weirdness & Mutations

You are resistant to damage.
You can heal yourself by infusing magical energy.
You passively map the area around you.
You do not regenerate.


Message History

Unknown command.
Unknown command.
Unknown command.
As you read the scroll labeled OTHIQO MUCHURUEC, it crumbles to dust.
The scroll dissolves into smoke.
It was a scroll of fog.
The ogre mage hits you but does no damage.
Okay, then.
The two-headed ogre shouts in stereo!
The ogre shouts!
The troll gibbers meaninglessly.
As you read the scroll labeled IRHUPPASEU, it crumbles to dust.
It is a scroll of enchant armour.
Your +0 pair of gloves glows green for a moment.
The ogre mage points at you and mumbles some strange words.
The bolt of cold hits you!
* * * LOW HITPOINT WARNING * * *
The ogre hits you but does no damage.
The troll cries, "Oh dear!
Oh dear!"
The two-headed ogre hits you with a giant spiked club!
You die...
Your body crumbles into a pile of gold.

, ......∩.
** ,, **
#.∩...O.. ,,
$ , * *
#.OOO.OC##
,, ,,
##..OT.OT# ,
, , *
#TCOO....##
, *
#T§§.T...O#
* ,*
#§§§§.O.∩.#
, $
#§§§...OC.#
, ,,
##@O§...O.#
,,*
#OOO..TT## ,
,
#OO§......#
,, ,,
#..O...∩T..#
, *
#..........#
,,,
#.....O.O.T#
*
#...OO.#..##
#.....#####
,** ##...#


You could see 4 two-headed ogres, an ogre mage (inner flame), a deep troll
(inner flame), a cyclops (inner flame), 4 trolls and 6 ogres.

Vanquished Creatures
  5 two-headed ogres
  2 orc knights (D:10)
  2 orc sorcerers
  2 trolls
  A hippogriff (D:8)
  A wyvern (D:9)
  2 hungry ghosts
  A steam dragon (D:9)
  3 wargs
  Edmund (D:6)
  2 hell hounds (D:10)
  Duvessa (D:5)
  A water moccasin (D:8)
  14 orc warriors
  A black bear (D:7)
  2 ogres
  A necrophage (D:6)
  2 centaurs
  A big kobold (D:10)
  7 bullfrogs
  A gnoll sergeant (D:6)
  Dowan (D:5)
  2 scorpions (D:8)
  A water moccasin skeleton (D:10)
  3 killer bees
  11 wights
  3 crimson imps
  A quasit (D:10)
  2 centaur zombies
  5 hounds
  3 jellies
  A centaur skeleton (D:8)
  5 orc priests
  A bullfrog skeleton (D:10)
  12 orc wizards
  5 iguanas
  6 worker ants
  A hound skeleton (D:4)
  A worker ant zombie (D:6)
  13 gnolls
  14 adders
  5 shadow imps
  A worm (D:3)
  2 dart slugs
  5 leopard geckos
  44 orcs
  2 giant cockroaches (D:3)
  9 hobgoblins
  8 jackals
  4 quokkas
  2 ball pythons
  A ball python skeleton (D:4)
  2 bats
  5 frilled lizards
  6 goblins
  12 kobolds
  7 rats
259 creatures vanquished.

Notes
Turn   | Place    | Note
-------+----------+-------------------------------------------
     0 | D:1      | letownia2 the Deep Dwarf Necromancer began the quest for the Orb.
     0 | D:1      | Reached XP level 1. HP: 15/15 MP: 3/3
    96 | D:2      | Reached XP level 2. HP: 13/22 MP: 0/5
   344 | D:2      | Reached skill level 5 in Necromancy
   461 | D:3      | Reached XP level 3. HP: 16/28 MP: 0/6
   466 | D:3      | Learned a level 3 spell: Vampiric Draining
   831 | D:3      | Reached XP level 4. HP: 28/36 MP: 0/7
  1172 | D:4      | Reached skill level 6 in Necromancy
  1230 | D:4      | Found a staircase to the Ecumenical Temple.
  1239 | Temple   | Entered the Ecumenical Temple
  1316 | D:4      | Reached XP level 5. HP: 11/42 MP: 0/9
  1480 | Temple   | Became a worshipper of Gozag Ym Sagoz the Greedy
  1526 | D:4      | Noticed an ogre
  3408 | D:4      | Noticed a phantom
  3408 | D:4      | Noticed Agrougrou's ghost (amateur DsFi)
  3412 | D:4      | Found a shattered altar of Ashenzari.
  3465 | D:4      | Killed an ogre
  3465 | D:4      | Reached skill level 7 in Necromancy
  3465 | D:4      | Reached skill level 1 in Evocations
  3465 | D:4      | Reached XP level 6. HP: 11/50 MP: 2/11
  3542 | D:4      | Reached skill level 1 in Fighting
  3711 | D:4      | Found a glowing golden altar of the Shining One.
  3963 | D:4      | Found a sacrificial altar of Ru.
  4250 | D:5      | Entered Level 5 of the Dungeon
  4250 | D:5      | Noticed Duvessa
  4250 | D:5      | Noticed Dowan
  4376 | D:5      | Reached XP level 7. HP: 30/58 MP: 0/12
  4544 | D:5      | Found a bloodstained altar of Trog.
  5593 | D:5      | Killed Duvessa
  5594 | D:5      | Killed Dowan
  5669 | D:5      | Reached skill level 8 in Necromancy
  5778 | D:6      | Reached XP level 8. HP: 60/68 MP: 7/14
  6076 | D:6      | Reached skill level 5 in Evocations
  6088 | D:6      | Noticed Edmund
  6099 | D:6      | Killed Edmund
  6099 | D:6      | Reached skill level 5 in Spellcasting
  6450 | D:7      | Found a hide-covered altar of Uskayaw.
  6649 | D:7      | HP: 3/68 [wight/hand axe of freezing (1)]
  6968 | D:7      | Found Poocyan's Magic Scroll Emporium.
  6973 | D:7      | Bought a scroll of teleportation for 36 gold pieces
  7195 | D:8      | Gained mutation: You passively map the area around you. [Deep Dwarf growth]
  7195 | D:8      | Reached XP level 9. HP: 33/74 MP: 19/19
  7285 | D:8      | Reached skill level 1 in Axes
  8482 | D:8      | Reached skill level 5 in Axes
  8857 | D:9      | Noticed a troll
  8875 | D:9      | Killed a troll
  9684 | D:10     | Entered Level 10 of the Dungeon
  9740 | D:10     | Found a staircase to the Lair.
  9799 | D:10     | Noticed an orc knight
  9883 | D:10     | Reached XP level 10. HP: 78/81 MP: 9/22
 10101 | D:10     | Killed an orc knight
 10172 | D:10     | Found Qyedun's Armour Shop.
 10174 | D:10     | Found a staircase to the Orcish Mines.
 10178 | D:10     | Found Lagikkusm's Weapon Shop.
 10208 | D:10     | Learned a level 3 spell: Inner Flame
 10212 | D:10     | Learned a level 3 spell: Portal Projectile
 10233 | D:10     | Noticed a two-headed ogre
 10243 | D:10     | Killed a two-headed ogre
 10356 | D:10     | Reached skill level 9 in Necromancy
 10440 | D:10     | Noticed a two-headed ogre
 10464 | D:10     | Killed a two-headed ogre
 10878 | D:10     | Reached skill level 5 in Armour
 11033 | D:10     | Reached skill level 10 in Necromancy
 11061 | Orc:1    | Entered Level 1 of the Orcish Mines
 11061 | Orc:1    | Noticed an orc sorcerer
 11077 | D:10     | Killed an orc sorcerer
 11195 | Orc:1    | Noticed an orc knight
 11235 | D:10     | Reached XP level 11. HP: 68/88 MP: 0/24
 11374 | D:10     | Noticed a two-headed ogre
 11380 | D:10     | Killed a two-headed ogre
 11532 | D:10     | Killed an orc knight
 11626 | Orc:1    | Noticed a two-headed ogre
 11634 | Orc:1    | Killed a two-headed ogre
 11634 | Orc:1    | Reached skill level 11 in Necromancy
 11983 | Orc:1    | Noticed a two-headed ogre
 11983 | Orc:1    | Noticed an orc sorcerer
 11990 | Orc:1    | Killed an orc sorcerer
 11992 | Orc:1    | Killed a two-headed ogre
 12120 | Orc:1    | You fall through a shaft!
 12120 | Orc:2    | Entered Level 2 of the Orcish Mines
 12120 | Orc:2    | Found Dexkov's Magic Scroll Shoppe.
 12120 | Orc:2    | Found Huippip's Weapon Boutique.
 12120 | Orc:2    | Noticed an ettin
 12120 | Orc:2    | Noticed a two-headed ogre
 12120 | Orc:2    | Noticed a two-headed ogre
 12120 | Orc:2    | Noticed an ogre mage
 12120 | Orc:2    | Noticed a two-headed ogre
 12120 | Orc:2    | Noticed a two-headed ogre
 12120 | Orc:2    | Noticed a two-headed ogre
 12120 | Orc:2    | Noticed a deep troll
 12120 | Orc:2    | Noticed a two-headed ogre
 12120 | Orc:2    | Noticed a two-headed ogre
 12120 | Orc:2    | Noticed a deep troll
 12120 | Orc:2    | Noticed an ogre mage
 12122 | Orc:2    | Found Ythric's Armour Emporium.
 12123 | Orc:2    | Found Rumneic's Gadget Emporium.
 12130 | Orc:2    | Mangled by a two-headed ogre

Skill      XL: |  1  2  3  4  5  6  7  8  9 10 11 |
---------------+----------------------------------+-----
Spellcasting   | 2 3 4 7 8 9 |  9.5
Necromancy     | 5 6 7 8 10 11 | 11.4
Evocations     | 1 2 4 5 |  5.2
Fighting       | 1 2 3 |  3.5
Axes           | 6 7 |  7.0
Armour         | 5 7 |  7.5
Dodging        | |  2.1
Stealth        | |  2.4

Action                   |  1- 3 |  4- 6 |  7- 9 | 10-12 || total
-------------------------+-------+-------+-------+-------++-------
Melee: Unarmed           |     8 |       |       |       ||     8
       Mace              |       |    21 |   170 |       ||   191
       Hand axe          |       |       |    94 |   152 ||   246
       War axe           |       |       |       |     3 ||     3
Throw: Javelin           |       |       |    19 |    17 ||    36
 Cast: Pain              |    27 |    93 |    54 |       ||   174
       Vampiric Draining |     6 |    27 |    84 |   113 ||   230
Evoke: Wand              |       |       |    55 |    10 ||    65
  Use: Scroll            |       |     1 |     7 |     9 ||    17
 Stab: Distracted        |       |       |     1 |     3 ||     4
       Paralysed         |       |       |    19 |       ||    19
       Sleeping          |       |       |     2 |       ||     2
  Eat: Chunk             |     1 |     3 |       |       ||     4
       Meat ration       |       |     1 |     4 |       ||     5
       Fruit             |       |     2 |     6 |     4 ||    12
       Royal jelly       |       |     1 |     1 |     1 ||     3
Armor: Ring mail         |     2 |    13 |   142 |       ||   157
       Leather armour    |       |       |    13 |     3 ||    16
       Chain mail        |       |       |       |   200 ||   200
Dodge: Dodged            |    19 |    34 |   217 |   116 ||   386
